 Dungeon Crawl Stone Soup version 0.30-a0-542-ge43150dd35 (webtiles) character file.

Game seed: 4565822205813041869

700 M4edhros the Sneak (level 7, 0/43 HPs)
             Began as an Octopode Artificer on Dec 26, 2022.
             Was an Initiate of Cheibriados.
             Slain by an orc
             ... wielding a +0 whip
              (6 damage)
             ... on level 7 of the Dungeon.
             The game lasted 00:11:00 (1755 turns).

M4edhros the Sneak (Octopode Artificer)             Turns: 1755, Time: 00:11:00

Health: 0/43       AC:  3    Str: 12    XL:     7   Next: 65%
Magic:  7/7        EV: 14    Int: 15    God:    Cheibriados [......]
Gold:   49         SH:  0    Dex: 15    Spells: 6/6 levels left

rFire   . . .      SeeInvis .      - Unarmed
rCold   . . .      Faith    .    (no shield)
rNeg    . . .      Spirit   .    (helmet restricted)
rPois   .          Reflect  .    (no amulet)
rElec   .          Harm     .    (no ring)
rCorr   .          Rampage  .    (no ring)
Will    .....                    (no ring)
Stlth   ++++                     (no ring)
HPRegen 0.27/turn                (no ring)
MPRegen 0.10/turn                (no ring)
                                 (no ring)
                                 (no ring)

@: hasted, quick
A: almost no armour, amphibious, 8 rings, camouflage 1, gelatinous body 1,
(nimble swimmer 1), tentacles, iridescent scales 1, wild magic 1
a: Renounce Religion


You were on level 7 of the Dungeon.
You worshipped Cheibriados.
Cheibriados was noncommittal.
You visited 2 branches of the dungeon, and saw 8 of its levels.

You collected 88 gold pieces.
You spent 39 gold pieces at shops.

Inventory:

Hand Weapons
 t - a +0 sling
Missiles
 s - 5 atropa-tipped darts
Jewellery
 l - a ring of ice
Wands
 b - a wand of flame (3) (quivered)
 c - a wand of charming (7)
 d - a wand of iceblast (4)
 m - a wand of polymorph (10)
Scrolls
 a - a scroll of poison {unknown}
 e - a scroll of enchant armour {unknown}
 k - 3 scrolls of teleportation {unknown}
 n - a scroll of fog {unknown}
 p - 2 scrolls of magic mapping {unknown}
 r - 4 scrolls of identify {unknown}
Potions
 f - a potion of lignification
 i - a potion of mutation
 j - a potion of attraction {unknown}
 o - a potion of curing
 q - a potion of resistance {unknown}
 u - a potion of ambrosia


   Skills:
 - Level 1.0 Fighting
 + Level 4.2 Dodging
 + Level 5.2 Stealth
 * Level 5.0 Unarmed Combat
 + Level 5.1 Evocations


You had 6 spell levels left.
You didn't know any spells.
Your spell library contained the following spells:

 Spells                   Type           Power      Damage    Failure   Level
 Inner Flame              Hex/Fire       0%         N/A       71%         3
 Flame Wave               Conj/Fire      0%         2d4       97%         4
 Sticky Flame             Conj/Fire      0%         2d3       97%         4


Dungeon Overview and Level Annotations

Branches:
Dungeon (7/15)             Temple (1/1) D:4

Altars:
Ashenzari
Cheibriados
Elyvilon
Fedhas
Hepliaklqana
Nemelex Xobeh
Ru
Sif Muna
Vehumet
Wu Jian
Xom
Zin

Shops:
D:1 (   D:3 =


Innate Abilities, Weirdness & Mutations

You cannot wear most types of armour.
You are amphibious.
You can wear up to eight rings at the same time.
Your skin changes colour to match your surroundings (Stealth+).
Your rubbery body absorbs attacks. (AC +1, EV +1)
((You are camouflaged when in or above water. (Stealth+)))
You have tentacles for arms and can constrict up to eight enemies at once.
You are partially covered in iridescent scales. (AC +2)
Your spells are a little harder to cast, but a little more powerful.


Message History

The scorpion is lightly wounded.
The scorpion completely misses you. The orc hits you with a +0 dagger.
* * * LOW HITPOINT WARNING * * *
You hit the scorpion.
The scorpion is moderately wounded.
The scorpion stings you but does no damage.
The orc hits you but does no damage.
You smack the scorpion!
The scorpion is severely wounded.
You barely miss the scorpion.
The scorpion is severely wounded.
You feel less wooden. The scorpion barely misses you.
The orc barely misses you.
You tentacle-slap the scorpion but do no damage.
You grab the scorpion. You squeeze the scorpion.
You kill the scorpion!
The orc hits you with a +0 dagger.
* * * LOW HITPOINT WARNING * * *
Your Unarmed Combat skill increases to level 5!
You bludgeon the orc!
You kill the orc!
You swing at nothing.
An orc comes into view.
It is wielding a +0 short sword and quivering poisoned darts.
You tentacle-slap the orc but do no damage.
You grab the orc.
You constrict the orc, but do no damage.
Aiming: Throw Flame
Press: ? - help, Shift-Dir - straight line, f - orc, p - orc
Aim: an orc, wielding a +0 short sword, wearing a +0 leather armour and quivering poisoned darts (74% to hit)
The puff of flame misses the orc.
You constrict the orc, but do no damage.
The orc hits you with a +0 whip.
* * * LOW HITPOINT WARNING * * *
Aiming: Throw Flame
Press: ? - help, Shift-Dir - straight line, f/p - orc
Aim: an orc, wielding a +0 short sword, wearing a +0 leather armour and quivering poisoned darts (74% to hit)
The puff of flame hits the orc but does no damage.
You constrict the orc, but do no damage.
The orc hits you with a +0 whip.
You die...

...## #...# h....
#..h# ###...##
......####.
#.........
#)########.
###.)@o......
##..o########.
#........#
#########).#.#.....
#.)........#.#.#.##
###.########.#(. .
# #..<.# #.#..#..
#.#o.# #.##.. ..
#....## #.# #.#


You could see 2 orcs.

Vanquished Creatures
  A sky beast (D:6)
  Blork the orc (D:4)
  2 scorpions
  4 howler monkeys
  2 hounds
  An orc priest (D:7)
  3 orc wizards
  3 adders
  2 worms
  9 orcs
  4 ball pythons
  9 endoplasms
  4 giant cockroaches (D:3)
  4 goblins
  3 hobgoblins
  3 kobolds
  2 quokkas (D:1)
  5 bats
  2 frilled lizards (D:3)
  A rat (D:3)
65 creatures vanquished.

Vanquished Creatures (collateral kills)
  5 orcs
  2 goblins (D:4)
7 creatures vanquished.

Vanquished Creatures (others)
  A centaur (D:6)
  A jelly (D:7)
  2 orc priests
  An orc (D:3)
5 creatures vanquished.

Grand Total: 77 creatures vanquished

Notes
Turn   | Place    | Note
-------+----------+-------------------------------------------
     0 | D:1      | M4edhros the Octopode Artificer began the quest for the
                  | Orb.
     0 | D:1      | Reached XP level 1. HP: 13/13 MP: 1/1
    17 | D:1      | You fall into a shaft and drop 1 floor!
    48 | D:3      | Noticed a hound
    57 | D:3      | Killed a hound
    58 | D:3      | Reached skill level 1 in Unarmed Combat
    58 | D:3      | Reached XP level 2. HP: 5/18 MP: 2/2
    58 | D:3      | Reached XP level 3. HP: 6/23 MP: 3/3
   141 | D:3      | Found Imetejuc's Jewellery Shoppe.
   172 | D:3      | Reached XP level 4. HP: 8/28 MP: 4/4
   965 | D:4      | Noticed a scorpion
   966 | D:4      | Noticed Blork the orc
   968 | D:4      | Killed a scorpion
   969 | D:4      | Reached XP level 5. HP: 33/33 MP: 5/5
   972 | D:4      | Killed Blork the orc
   973 | D:4      | Reached XP level 6. HP: 38/38 MP: 6/6
   973 | D:4      | Noticed a black bear
  1116 | D:4      | Found a staircase to the Ecumenical Temple.
  1125 | Temple   | Entered the Ecumenical Temple
  1145 | Temple   | Became a worshipper of Cheibriados the Contemplative
  1251 | D:1      | Found Pexulesa's Weapon Shoppe.
  1269 | D:1      | Bought 5 atropa-tipped darts for 39 gold pieces
  1437 | D:3      | You fall into a shaft and drop 1 floor!
  1452 | D:5      | Entered Level 5 of the Dungeon
  1632 | D:6      | Noticed a sky beast
  1652 | D:6      | Killed a sky beast
  1653 | D:6      | Reached XP level 7. HP: 43/43 MP: 7/7
  1716 | D:7      | Gained mutation: Your spells are a little harder to cast,
                  | but a little more powerful. [potion of mutation]
  1716 | D:7      | Gained mutation: You are partially covered in iridescent
                  | scales. (AC +2) [potion of mutation]
  1735 | D:7      | Reached skill level 5 in Stealth
  1735 | D:7      | Reached skill level 5 in Evocations
  1751 | D:7      | Reached skill level 5 in Unarmed Combat
  1755 | D:7      | Slain by an orc

Illustrated notes

Levels and vault maps discovered:
D:1:      dpeg_arrival_court, layout_rooms,
          shapermc_ecumenical_altar_notcrosses, serial_shops, shop,
          minmay_misc_feat_tiny, minivault_26
D:2:      layout_rooms, serial_aquarium, aquarium_bridge_long_joined
          [aquarium_subvault_bridge, aquarium_subvault_bridge,
          aquarium_subvault_window, aquarium_subvault_wall,
          aquarium_subvault_window, aquarium_subvault_bridge],
          aquarium_bridge_island_small [aquarium_subvault_small_open,
          aquarium_subvault_wall, aquarium_subvault_wall,
          aquarium_subvault_bridge, aquarium_subvault_wall],
          aquarium_window_fake, aquarium_window_1, aquarium_window_fake,
          aquarium_window_fake, aquarium_view_2a
D:3:      layout_basic, cheibrodos_sewer_entry_bend, serial_shops, shop,
          minmay_joined_circles
D:4:      layout_layer_cave, minmay_temple_entry_arrows, uniq_blork_the_orc
D:5:      layout_cave_pods, lemuel_tele_altar
D:6:      layout_loops_corners, chequers_temple_overflow_minitemple
D:7:      layout_loops_ring
Temple:   nicolae_temple_two_arcs

Skill      XL: |  1  2  3  4  5  6  7 |
---------------+----------------------+-----
Stealth        | 2 3 4 5 |  5.2
Unarmed Combat | 1 2 3 4 5 |  5.0
Dodging        | 3 4 |  4.2
Evocations     | 4 5 |  5.1
Fighting       | |  1.0

Action                   |  1- 3 |  4- 6 |  7- 9 || total
-------------------------+-------+-------+-------++-------
Melee: Unarmed           |    17 |   105 |    30 ||   152
       Tentacles         |     4 |    18 |     1 ||    23
       Constrict         |     3 |    24 |     2 ||    29
       Punch             |     1 |     3 |       ||     4
Evoke: Wand              |     4 |    13 |     5 ||    22
  Use: Potion            |       |       |     7 ||     7
 Stab: Sleeping          |     2 |    11 |       ||    13
Armor: Skin              |       |     2 |    12 ||    14
Dodge: Dodged            |    12 |    61 |     6 ||    79

Table legend: (Time is in decaauts)
 A = Elapsed time spent in this place.
 B = Non-inter-level travel time spent in this place.
 C = Inter-level travel time spent in this place.
 D = Time resting spent in this place.
 E = Time spent auto-exploring this place.
 F = Levels seen in this place.
 G = Mean time per level.
                   A        B        C        D        E       F      G
               +--------+--------+--------+--------+--------+-----+--------+
         Total |   1878 |   1581 |    297 |      0 |      4 |   8 |  234.8 |
       Dungeon |   1845 |   1561 |    284 |      0 |      4 |   7 |  263.6 |
        Temple |     33 |     21 |     12 |      0 |      0 |   1 |   33.0 |
               +--------+--------+--------+--------+--------+-----+--------+

Top non-repeatable levels by time:
     D:3: 964 daAuts
     D:4: 233 daAuts
     D:5: 216 daAuts
     D:1: 156 daAuts
     D:2: 138 daAuts
     D:7: 76 daAuts
     D:6: 60 daAuts
  Temple: 33 daAuts
